 Dungeon Crawl Stone Soup version 0.27-a0-334-g52645efa06 (webtiles) character file.

Game seed: 13653559977680178343

22 Lanoc the Bolt Thrower (level 2, -1/26 HPs)
             Began as a Hill Orc Hunter on Feb 13, 2021.
             Slain by Natasha (8 damage)
             ... on level 2 of the Dungeon.
             The game lasted 00:01:11 (1445 turns).

Lanoc the Bolt Thrower (Hill Orc Hunter)            Turns: 1445, Time: 00:01:11

Health: -1/26      AC:  3    Str: 14    XL:     2   Next: 91%
Magic:  2/2        EV: 12    Int: 11    God:
Gold:   16         SH:  5    Dex: 11    Spells: 1/1 levels left

rFire    . . .     SeeInvis .   b - +0 short sword
rCold    . . .     Faith    .   (no shield)
rNeg     . . .     Spirit   .   c - +0 leather armour
rPois    .         Reflect  +   (no helmet)
rElec    .         Harm     .   (no cloak)
rCorr    .         Rampage  .   (no gloves)
Will     .....                  (no boots)
Stlth    +.........             f - amulet of reflection
HPRegen  0.08/turn              (no ring)
MPRegen  0.08/turn              (no ring)

@: no status effects
A: no striking features
a: no special abilities


You were on level 2 of the Dungeon.
You visited 1 branch of the dungeon, and saw 3 of its levels.

You collected 16 gold pieces.

Inventory:

Hand Weapons
 a - a +1 hand crossbow
 b - a +0 short sword (weapon)
Missiles
 d - 20 bolts
Armour
 c - a +0 leather armour (worn)
Jewellery
 f - an amulet of reflection (around neck)
Scrolls
 e - a scroll of teleportation {unknown}
 g - a scroll of identify {unknown}
 h - a scroll of amnesia {unknown}


   Skills:
 + Level 3.0 Fighting
 + Level 3.9 Crossbows
 + Level 2.0 Dodging
 - Level 0.7 Stealth


You had one spell level left.
You didn't know any spells.
Your spell library was empty.

Dungeon Overview and Level Annotations

Branches:
Dungeon (3/15)

Altars:

Annotations:
D:2 Natasha


Message History

* * * LOW HITPOINT WARNING * * *
You climb upwards.
There is a stone staircase leading down here.
You start resting.
HP restored.
Found a stone staircase leading down.
Natasha, Servant of Life and Death comes into view.
Natasha mumbles some strange words.
Natasha's front paws start to glow.
Natasha mumbles some strange words.
Natasha stares at you and mumbles some strange words.
You resist with significant effort.
The crimson imp lashes its tail.
You closely miss Natasha. Natasha claws you.
You hit Natasha.
Natasha is moderately wounded.
You block Natasha's attack.
You closely miss Natasha.
Natasha is moderately wounded.
You block Natasha's attack.
The crimson imp shouts, "Out, out, thou mangled limp-willed nothing!"
You closely miss Natasha.
Natasha is moderately wounded.
Natasha claws you.
You hit Natasha.
Natasha is heavily wounded.
Natasha casts a spell.
The crimson imp blinks!
You closely miss Natasha.
Natasha is heavily wounded.
Natasha claws you!
The shadow imp hits you but does no damage.
Natasha casts a spell at you. The magic dart hits you.
* * * LOW HITPOINT WARNING * * *
You are too injured to fight recklessly!
You hit Natasha.
Natasha is severely wounded.
The shadow imp closely misses you. Natasha claws you!
You die...

#### ...######
##......# ######.#
#######.#######
#.....(.......#
#รท#####.#####.# #.#
#.# #>######### #.# #.#
#..5@h.5..#
#.#####.#####.#######.#
..............#
#[#####..####.# #.#
#.># #.# #.# #..# #.#
#.#####..####.#
#.............#
#######..######


You could see Natasha, a crimson imp (summoned) and a shadow imp (summoned).

Vanquished Creatures
  A worm (D:2)
  A dart slug (D:2)
  4 goblins
  A hobgoblin (D:2)
  A ball python (D:3)
  2 bats (D:2)
  3 frilled lizards
  2 kobolds
  5 rats (D:2)
20 creatures vanquished.

Notes
Turn   | Place    | Note
-------+----------+-------------------------------------------
     0 | D:1      | Lanoc the Hill Orc Hunter began the quest for the Orb.
     0 | D:1      | Reached XP level 1. HP: 18/18 MP: 1/1
   312 | D:2      | Reached XP level 2. HP: 22/25 MP: 2/2
  1124 | D:3      | Noticed an ogre
  1435 | D:2      | Noticed Natasha
  1437 | D:2      | Noticed a crimson imp
  1445 | D:2      | Slain by Natasha

Illustrated notes

Levels and vault maps discovered:
D:1:      wander_arrival_peaceful_grave, layout_rooms
D:2:      layout_loops_ring, marbit_many_paths, uniq_natasha
D:3:      layout_loops_ring, minmay_misc_feat_hallway, roderic_batcave

Skill      XL: |  1  2 |
---------------+-------+-----
Fighting       | 3 |  3.0
Dodging        | 2 |  2.0
Crossbows      | |  3.9
Stealth        | |  0.7

Action                   || total
-------------------------++-------
Melee: Short sword       ||    99
 Stab: Sleeping          ||     1
Armor: Leather armour    ||    17
Dodge: Dodged            ||    46
Block: Other             ||    14

Table legend: (Time is in decaauts)
 A = Elapsed time spent in this place.
 B = Non-inter-level travel time spent in this place.
 C = Inter-level travel time spent in this place.
 D = Time resting spent in this place.
 E = Time spent auto-exploring this place.
 F = Levels seen in this place.
 G = Mean time per level.
                   A        B        C        D        E       F      G
               +--------+--------+--------+--------+--------+-----+--------+
         Total |   1454 |   1451 |      3 |    291 |    964 |   3 |  484.7 |
       Dungeon |   1454 |   1451 |      3 |    291 |    964 |   3 |  484.7 |
               +--------+--------+--------+--------+--------+-----+--------+

Top non-repeatable levels by time:
     D:2: 1175 daAuts
     D:1: 200 daAuts
     D:3: 78 daAuts
